 Dungeon Crawl Stone Soup version bcrawl-1.23.1 (webtiles) character file.

Game seed: 9666413706313227543

443 pasperui the Ruffian (level 7, 0/58 HPs)
             Began as a Ghoul Martial Artist on May 25, 2020.
             Was a Priest of Wu Jian.
             Shot with an arrow by a centaur (1 damage)
             ... on level 5 of the Dungeon.
             The game lasted 00:12:56 (3236 turns).

pasperui the Ruffian (Ghoul Martial Artist)         Turns: 3236, Time: 00:12:57

Health: 0/58       AC:  5    Str: 18    XL:     7   Next: 2%
Magic:  7/7        EV: 13    Int:  4    God:    Wu Jian [***...]
Gold:   181        SH:  0    Dex: 10    Spells: 7/8 levels left

rFire    . . .     SeeInvis .     - Unarmed
rCold    + . .     Gourm    .   (no shield)
rNeg     + + +     Faith    .   w - +0 leather armour (curse)
rPois    ∞         Spirit   .   s - +0 helmet
rElec    .         Reflect  .   (no cloak)
rCorr    .         Harm     .   (no gloves)
MR       .....                  y - +0 pair of boots
Stlth    ++........             (no amulet)
HPRegen  0.00/turn              d - +4 ring of dexterity
MPRegen  0.10/turn              x - -5 ring of dexterity (curse)

@: rotting
A: rotting body, claws 1, carnivore, cold resistance 1, negative energy
resistance 3, inhibited regeneration, torment resistance, unbreathing
a: Wall Jump, Serpent's Lash, Renounce Religion


You were on level 5 of the Dungeon.
You worshipped Wu Jian.
Wu Jian was most pleased with you.
You were not hungry.

You visited 1 branch of the dungeon, and saw 5 of its levels.

You collected 181 gold pieces.

Inventory:

Missiles
 h - 264 arrows
 k - 596 stones (quivered)
 q - 24 needles of confusion
 B - 400 sling bullets
Armour
 a - a +0 robe
 s - a +0 helmet (worn)
 w - a cursed +0 leather armour (worn)
 y - a +0 pair of boots (worn)
Jewellery
 d - a +4 ring of dexterity (left claw)
 g - an uncursed ring of fire
 x - a cursed -5 ring of dexterity (right claw)
Wands
 C - a wand of polymorph (9)
Scrolls
 f - 4 scrolls of remove curse {unknown}
 i - 8 scrolls of identify {unknown}
 j - a scroll of magic mapping {unknown}
 l - a scroll of fog {unknown}
 m - 2 scrolls of enchant armour {unknown}
 p - a scroll of blinking {unknown}
 r - 2 scrolls of enchant weapon {unknown}
 u - a scroll of fear {unknown}
 D - a scroll of amnesia {unknown}
Potions
 b - 2 potions of agility
 c - 2 potions of brilliance {unknown}
 n - a potion of berserk rage {unknown}
 o - a potion of resistance {unknown}
 t - a potion of magic {unknown}
 v - a potion of heal wounds
 z - a potion of mutation {unknown}
 A - a potion of lignification {unknown}
Comestibles
 e - 7 rations {!d}


   Skills:
 + Level 3.7 Fighting
 + Level 1.9 Armour
 + Level 3.8 Dodging
 + Level 2.7 Stealth
 + Level 7.1 Unarmed Combat
 + Level 1.0 Spellcasting
 + Level 0.7 Hexes


You had 7 spell levels left.
You knew the following spells:

 Your Spells              Type           Power        Failure   Level  Hunger
a - Confusing Touch       Hex            #.......     43%         1    ##.....
Your spell library was empty.

Dungeon Overview and Level Annotations

Branches:
Dungeon (5/12)             Temple (0/1) D:4

Altars:
Lugonu
Nemelex Xobeh
Okawaru
Wu Jian

Annotations:
D:5 Grinder


Innate Abilities, Weirdness & Mutations

Your body is rotting away.
You thrive on raw meat.
You are immune to poison.
You have sharp fingernails.
You are carnivorous and can eat meat at any time.
Your flesh is cold resistant. (rC+)
You are immune to negative energy. (rN+++)
You do not regenerate when monsters are visible.
You are immune to unholy pain and torment.
You can survive without breathing.


Message History

You suddenly lose the ability to move!
Grinder blinks!
The orc priest hits you. x2
You can move again.
You spin and attack Grinder.
You claw Grinder!
Grinder is moderately wounded.
Grinder closely misses you.
You spin and attack the orc priest.
You claw the orc priest!
The orc priest is heavily wounded.
The orc priest completely misses you.
Found a stone staircase leading down.
A centaur comes into view.
The centaur shouts!
The centaur wields a +0 shortbow.
The centaur shoots an arrow.
The arrow hits you.
* * * LOW HITPOINT WARNING * * *
The orc priest calls down the wrath of Beogh upon you.
Beogh smites you!
* * * LOW HITPOINT WARNING * * *
The centaur shoots an arrow.
The arrow hits you.
You die...

...#.####...............
####......?.....#.......
####.....................
.........................
.......#....#............
.......#.##.#..o.........
########..#.#...o.......
# ...#...5....###
.......@.....###
........<.......
............c....
................#
>.############..# ..+ #


You could see Grinder, a centaur, an orc priest and an orc.

Vanquished Creatures
  A scorpion (D:4)
  A bullfrog zombie (D:4)
  2 hounds
  3 orc wizards
  Ijyb (D:4)
  2 worker ants (D:4)
  A gnoll (D:1)
  4 adders (D:3)
  An ooze (D:3)
  2 worms
  5 dart slugs
  3 leopard geckos
  6 orcs
  4 giant cockroaches
  9 hobgoblins
  7 jackals
  4 kobolds
  2 quokkas
  8 bats
  4 frilled lizards
  5 goblins
  7 rats
82 creatures vanquished.

Vanquished Creatures (others)
  Menkaure (D:5)
1 creature vanquished.

Grand Total: 83 creatures vanquished

Notes
Turn   | Place    | Note
-------+----------+-------------------------------------------
     0 | D:1      | pasperui the Ghoul Martial Artist began the quest for the
                  | Orb.
     0 | D:1      | Reached XP level 1. HP: 19/19 MP: 1/1
   124 | D:1      | Reached XP level 2. HP: 26/26 MP: 2/2
   412 | D:1      | Reached XP level 3. HP: 31/31 MP: 3/3
   849 | D:2      | Reached skill level 5 in Unarmed Combat
   979 | D:2      | Reached ** piety under Wu Jian
  1208 | D:2      | Reached XP level 4. HP: 38/38 MP: 4/4
  1306 | D:2      | Found an ornate altar of the Wu Jian Council.
  1405 | D:2      | Found a corrupted altar of Lugonu.
  1713 | D:3      | Reached skill level 6 in Unarmed Combat
  1713 | D:3      | Reached XP level 5. HP: 42/45 MP: 5/5
  1899 | D:3      | Found an iron altar of Okawaru.
  2167 | D:3      | Reached *** piety under Wu Jian
  2350 | D:4      | Reached skill level 1 in Armour
  2350 | D:4      | Reached XP level 6. HP: 36/51 MP: 6/6
  2462 | D:4      | Noticed Ijyb
  2480 | D:4      | Killed Ijyb
  2670 | D:4      | Found a sparkling altar of Nemelex Xobeh.
  2799 | D:4      | Found a staircase to the Ecumenical Temple.
  2876 | D:4      | Reached skill level 7 in Unarmed Combat
  2974 | D:4      | Reached XP level 7. HP: 33/58 MP: 7/7
  3199 | D:5      | Entered Level 5 of the Dungeon
  3199 | D:5      | Noticed Grinder
  3204 | D:5      | Killed Menkaure
  3225 | D:5      | Paralysed by Grinder for 4 turns
  3235 | D:5      | HP: 1/58 [orc priest/divine providence (16)]
  3236 | D:5      | Shot with an arrow by a centaur

Skill      XL: |  1  2  3  4  5  6 |
---------------+-------------------+-----
Dodging        | 3 |  3.8
Unarmed Combat | 5 6 7 |  7.1
Stealth        | 2 |  2.7
Armour         | 1 |  1.9
Fighting       | |  3.7
Spellcasting   | |  1.0
Hexes          | |  0.7

Action                   |  1- 3 |  4- 6 |  7- 9 || total
-------------------------+-------+-------+-------++-------
Melee: Unarmed           |    84 |   162 |     5 ||   251
       Punch             |     1 |     3 |       ||     4
Invok: Lunge             |    11 |    14 |       ||    25
       Whirlwind         |     4 |    10 |     3 ||    17
  Use: Potion            |       |       |     1 ||     1
 Stab: Sleeping          |     1 |     5 |       ||     6
       Distracted        |       |     1 |       ||     1
  Eat: Chunk             |    11 |    32 |     1 ||    44
Armor: Robe              |    15 |       |       ||    15
       Leather armour    |       |    30 |     1 ||    31
Dodge: Dodged            |    39 |    65 |     2 ||   106
